 Dungeon Crawl Stone Soup version 0.21-a0-531-gacddea6 (webtiles) character file.

25360 Amnesiac the Victor of a Thousand Battles (level 13, -9/101 HPs)
             Began as a Formicid Fighter on Dec 13, 2017.
             Was the Champion of Okawaru.
             Shot with a bolt by a yaktaur (24 damage)
             ... on level 13 of the Dungeon.
             The game lasted 00:28:07 (16093 turns).

Amnesiac the Victor of a Thousand Battles (FoFi)   Turns: 16093, Time: 00:28:07

Health: -9/101     AC: 18    Str: 26    XL:     13   Next: 49%
Magic:  20/20      EV: 12    Int:  8    God:    Okawaru [******]
Gold:   886        SH: 12    Dex: 15    Spells: 12/12 levels left

rFire    . . .     SeeInvis +   l - +3 longbow (freeze)
rCold    . . .     Gourm    .   c - +0 shield
rNeg     . . .     Faith    .   h - +0 plate armour
rPois    .         Spirit   .   (helmet unavailable)
rElec    .         Reflect  .   (no cloak)
rCorr    .         Harm     .   u - +1 pair of gloves
MR       +....                  W - +0 pair of boots
Stlth    ..........             (no amulet)
HPRegen  0.00/turn              I - +5 ring of dexterity
MPRegen  0.17/turn              T - ring of wizardry

@: no status effects
A: permanent stasis, dig shafts and tunnels, four strong arms, antennae 3,
inhibited regeneration
a: Dig, Shaft Self, Heroism, Finesse, Renounce Religion


You were on level 13 of the Dungeon.
You worshipped Okawaru.
Okawaru was exalted by your worship.
You were hungry.

You visited 1 branch of the dungeon, and saw 14 of its levels.

You collected 926 gold pieces.
You spent 40 gold pieces at shops.

Inventory:

Hand Weapons
 a - a +0 quarterstaff
 b - a +3 shortbow of freezing
 l - a +3 longbow of freezing (weapon)
 x - a +0 blowgun
 H - a +0 hunting sling
Missiles
 j - 2 throwing nets
 m - 209 arrows (quivered)
 o - 83 sling bullets
 s - 3 needles of confusion
 v - 53 poisoned needles
Armour
 c - a +0 shield (worn)
 h - a +0 plate armour (worn)
 u - a +1 pair of gloves (worn)
 W - a +0 pair of boots (worn)
Jewellery
 z - an uncursed ring of wizardry
 D - a +3 ring of intelligence
 I - a +5 ring of dexterity (left hand)
 T - a ring of wizardry (right hand)
Wands
 C - a wand of random effects (52)
 L - a wand of polymorph (59)
 P - a wand of paralysis (21)
 X - a wand of flame (23)
Scrolls
 k - a scroll of enchant armour {!r}
 n - 7 scrolls of remove curse {!r}
 p - 4 scrolls of magic mapping {!r}
 w - a scroll of enchant weapon {!r}
 A - a scroll of identify {!r}
 J - 3 scrolls of fog {!r}
 K - 2 scrolls of amnesia {!r}
 Y - 2 scrolls of fear {!r}
Potions
 d - 5 potions of might {!q}
 e - 7 potions of heal wounds {!q}
 i - 2 potions of magic {!q}
 q - 2 potions of resistance {!q}
 B - 2 potions of berserk rage {!q, unknown}
 F - 5 potions of mutation {!q}
 G - 2 potions of agility {!q}
 M - a potion of ambrosia {!q}
 N - 4 potions of lignification {!q}
 O - 2 potions of curing {!q}
 Q - a potion of cancellation {!q}
 R - 2 potions of brilliance {!q}
 V - a potion of invisibility {!q, unknown}
Comestibles
 f - 11 bread rations
 g - 3 meat rations
 r - 5 chunks of flesh
 t - 5 fruits
 U - 14 royal jellies


   Skills:
 + Level 9.5 Fighting
 - Level 6.0 Staves
 * Level 9.8 Bows
 + Level 9.5 Armour
 + Level 7.9 Dodging
 - Level 9.0 Shields
 - Level 10.0 Invocations


You had 12 spell levels left.
You didn't know any spells.

Dungeon Overview and Level Annotations

Branches:
Dungeon (14/15)            Temple (0/1) D:6            Lair (0/6) D:11
    Orc (0/2) D:10         Vaults (0/5) D:14

Altars:
Cheibriados
Elyvilon
Gozag
Okawaru
Ru
Sif Muna
Trog
Wu Jian
Xom

Shops:
D:9 !

Annotations:
D:14 Urug


Innate Abilities, Weirdness & Mutations

You cannot be hasted, slowed, berserked, paralysed or teleported.
You can dig through walls and to a lower floor.
Your four strong arms can wield two-handed weapons with a shield.
You have a pair of large antennae on your head. (SInv)
You do not regenerate when monsters are visible.


Message History

Aim: a gargoyle, wielding a flail You shoot an arrow.
The arrow barely misses the gargoyle.
The arrow hits the yak!
The arrow freezes the yak.
The yak is heavily wounded.
The gargoyle hits you with a flail!
* * * LOW HITPOINT WARNING * * *
Firing (i - inventory. (,) - cycle):
m - 213 arrows (quivered)
Press: ? - help, Shift-Dir - straight line, f/p - gargoyle
Aim: a gargoyle, wielding a flail You shoot an arrow.
The arrow hits the gargoyle.
The arrow freezes the gargoyle.
The gargoyle is lightly damaged.
You block the gargoyle's attack.
Firing (i - inventory. (,) - cycle):
m - 212 arrows (quivered)
Press: ? - help, Shift-Dir - straight line, f/p - gargoyle
Aim: a gargoyle, wielding a flail (lightly damaged)
You shoot an arrow. The arrow hits the gargoyle!
The arrow freezes the gargoyle.
The gargoyle is severely damaged.
The gargoyle hits you with a flail.
* * * LOW HITPOINT WARNING * * *
You are too injured to fight recklessly!
Firing (i - inventory. (,) - cycle):
m - 211 arrows (quivered)
Press: ? - help, Shift-Dir - straight line, f/p - gargoyle
Aim: a gargoyle, wielding a flail (severely damaged)
You shoot an arrow. The arrow hits the gargoyle.
The arrow freezes the gargoyle.
The gargoyle is almost destroyed.
The gargoyle hurls a stone arrow at you.
The stone arrow hits you!
* * * LOW HITPOINT WARNING * * *
The gargoyle hurls a stone arrow at you.
You block the stone arrow.
Firing (i - inventory. (,) - cycle):
m - 210 arrows (quivered)
Press: ? - help, Shift-Dir - straight line, f/p - gargoyle
Aim: a gargoyle, wielding a flail (almost destroyed)
You shoot an arrow. The arrow hits the gargoyle!
The arrow freezes the gargoyle.
You destroy the gargoyle!
Okawaru accepts your kill. The yak gores you but does no damage.
There is an open door here.
You see here a bolt.
There is an open door here.
There is an open door here.
There is a stone staircase leading down here.
You climb downwards.
A hydra, a centaur warrior, a two-headed ogre, 16 humans and Urug come into view.
The human shouts! x2; Urug shouts!
The human shouts! x5
The six-headed hydra roars!
The human shouts! x4
The two-headed ogre shouts in stereo!
The human shouts! x2
You hear an angry hiss.
Found a scale mail.
Found a gate to the Vaults.
Found a stone staircase leading down and a stone staircase leading up.
There is a stone staircase leading up here.
The centaur warrior wields a shortbow.
The centaur warrior shoots an arrow.
The arrow hits you.
* * * LOW HITPOINT WARNING * * *
You climb upwards.
The yaktaur wields an arbalest.
The yaktaur shoots a bolt.
You block the bolt. You block the yak's attack. x2
There is a stone staircase leading down here.
You see here a bolt.
The yaktaur shoots a bolt.
The bolt hits you!!
You die...

#.........# #....#.##
#.........# ##'###.##
#.........######......)
#.........##...c.....##
#.........##c#########.
#.........##.# #.
#.........##.# #.
#...Y>....'..# #.
#.....@.c.#### #.
####'###### #. #.# #.
#.# #. #.# #. #.# #.
#.# #.
#.#################.
#.......)...........


You could see a yaktaur and a yak.

Vanquished Creatures
  A hydra (D:13)
  Harold (D:11)
  A death knight (D:13)
  A tengu warrior (D:13)
  4 two-headed ogres
  A skeletal warrior (D:13)
  A swamp dragon (D:9)
  2 unseen horrors
  Pikel (D:9)
  3 cyclopes
  2 deep elf magi
  An ugly thing (D:13)
  2 manticores
  2 centaur zombies
  Psyche (D:11)
  2 gargoyles
  A centaur skeleton (D:13)
  A freezing wraith (D:13)
  3 yaktaurs (D:13)
  A tengu conjurer (D:13)
  2 trolls
  2 slime creatures
  3 hippogriffs
  A wraith (D:13)
  3 wyverns
  2 hungry ghosts
  Grum (D:8)
  18 yaks
  2 acid dragons (D:13)
  2 sky beasts
  An eye of draining (D:10)
  6 orc warriors
  2 black bears
  5 ice beasts
  2 necrophages (D:8)
  7 wolves
  A hornet zombie (D:9)
  4 ogres
  2 phantoms
  6 centaurs
  2 big kobolds
  6 bullfrogs
  5 scorpions
  15 killer bees
  3 wights (D:13)
  An electric eel (D:12)
  3 howler monkeys
  6 crimson imps
  10 hounds
  4 jellies
  A bullfrog zombie (D:6)
  10 orc wizards
  6 orc priests
  An iguana (D:5)
  A bullfrog skeleton (D:12)
  11 worker ants
  A killer bee zombie (D:8)
  A hound skeleton (D:4)
  A worker ant zombie (D:8)
  A howler monkey zombie (D:6)
  Robin (D:3)
  4 gnolls (D:7)
  A howler monkey skeleton (D:6)
  13 adders
  5 shadow imps
  7 oozes
  2 adder skeletons
  3 adder zombies
  3 worms
  2 dart slugs
  6 leopard geckos
  55 orcs
  13 giant cockroaches
  13 goblins
  5 hobgoblins
  13 jackals
  8 kobolds
  6 quokkas
  A ball python (D:1)
  7 bats
  6 frilled lizards
  A jackal zombie (D:6)
  8 rats
376 creatures vanquished.

Vanquished Creatures (collateral kills)
  A gargoyle (D:10)
1 creature vanquished.

Vanquished Creatures (others)
  A slave (D:9)
1 creature vanquished.

Grand Total: 378 creatures vanquished

Notes
Turn   | Place    | Note
-------+----------+-------------------------------------------
     0 | D:1      | Amnesiac the Formicid Fighter began the quest for the Orb.
     0 | D:1      | Reached XP level 1. HP: 18/18 MP: 1/1
    37 | D:1      | Reached skill level 1 in Dodging
   134 | D:1      | Reached XP level 2. HP: 24/24 MP: 2/2
   632 | D:2      | Reached XP level 3. HP: 16/29 MP: 3/3
  1204 | D:2      | Reached XP level 4. HP: 35/35 MP: 4/4
  1400 | D:3      | Noticed Robin
  1703 | D:3      | Killed Robin
  1703 | D:3      | Reached XP level 5. HP: 41/42 MP: 5/5
  2315 | D:4      | Found a transporter.
  2621 | D:4      | Found a transporter.
  2656 | D:4      | Reached XP level 6. HP: 48/48 MP: 6/6
  2973 | D:4      | Reached skill level 5 in Shields
  3120 | D:4      | Reached XP level 7. HP: 38/55 MP: 7/7
  3163 | D:5      | Entered Level 5 of the Dungeon
  3349 | D:5      | Noticed a hippogriff
  3362 | D:5      | Killed a hippogriff
  3362 | D:5      | Reached skill level 5 in Fighting
  3362 | D:5      | Reached skill level 5 in Armour
  3793 | D:5      | Found a bloodstained altar of Trog.
  3852 | D:5      | Found an ornate altar of the Wu Jian Council.
  3938 | D:6      | Reached XP level 8. HP: 62/62 MP: 8/8
  4847 | D:7      | Found a snail-covered altar of Cheibriados.
  4848 | D:7      | Found an iron altar of Okawaru.
  4848 | D:7      | Found a deep blue altar of Sif Muna.
  4853 | D:7      | Found an opulent altar of Gozag.
  4856 | D:7      | Became a worshipper of Warmaster Okawaru
  5052 | D:6      | Found a sacrificial altar of Ru.
  5068 | D:6      | Found a shimmering altar of Xom.
  5210 | D:6      | Found a staircase to the Ecumenical Temple.
  5345 | D:6      | Reached skill level 5 in Dodging
  5434 | D:7      | HP: 3/64 [bullfrog (2)]
  5456 | D:7      | Reached XP level 9. HP: 9/69 MP: 9/9
  5719 | D:7      | Reached * piety under Okawaru
  6602 | D:8      | Reached ** piety under Okawaru
  6752 | D:8      | Found a white marble altar of Elyvilon.
  6819 | D:8      | Noticed a hippogriff
  6840 | D:8      | Killed a hippogriff
  6844 | D:8      | Reached skill level 5 in Staves
  6855 | D:8      | Reached *** piety under Okawaru
  6855 | D:8      | Reached XP level 10. HP: 35/79 MP: 10/10
  7088 | D:8      | Reached skill level 1 in Bows
  7106 | D:8      | Noticed Grum
  7140 | D:8      | Killed Grum
  7907 | D:6      | Found a shimmering altar of Xom.
  7957 | D:6      | Found a sacrificial altar of Ru.
  8018 | D:6      | Found a staircase to the Ecumenical Temple.
  8334 | D:9      | Noticed a two-headed ogre
  8335 | D:9      | Noticed a swamp dragon
  8335 | D:9      | a two-headed ogre changed into a swamp dragon
  8352 | D:9      | Killed a swamp dragon
  8352 | D:9      | Received a gift from Okawaru
  8352 | D:9      | Reached skill level 5 in Bows
  8594 | D:9      | Found Haluumyu's Distillery.
  8597 | D:9      | Bought a potion of brilliance for 40 gold pieces
  8617 | D:9      | Found a bloodstained altar of Trog.
  8630 | D:9      | Noticed Pikel
  8655 | D:9      | Killed Pikel
  8655 | D:9      | Reached **** piety under Okawaru
  9085 | D:10     | Entered Level 10 of the Dungeon
  9092 | D:10     | Noticed an unseen horror
  9108 | D:10     | Killed an unseen horror
  9108 | D:10     | Reached XP level 11. HP: 73/84 MP: 11/11
  9413 | D:10     | Found a staircase to the Orcish Mines.
  9430 | D:10     | Received a gift from Okawaru
  9650 | D:10     | Reached ***** piety under Okawaru
  9702 | D:10     | Reached skill level 1 in Invocations
  9867 | D:10     | Received a gift from Okawaru
  9867 | D:10     | Reached skill level 2 in Invocations
  9912 | D:10     | Reached skill level 3 in Invocations
 10746 | D:10     | Reached skill level 4 in Invocations
 10803 | D:10     | Reached skill level 5 in Invocations
 11139 | D:11     | Reached skill level 6 in Invocations
 11230 | D:11     | Received a gift from Okawaru
 11495 | D:11     | Reached skill level 7 in Invocations
 11630 | D:11     | Found a staircase to the Lair.
 11779 | D:11     | Noticed Psyche
 11791 | D:11     | Killed Psyche
 11811 | D:11     | Reached skill level 8 in Invocations
 11868 | D:11     | Noticed Harold
 11878 | D:11     | Killed Harold
 12074 | D:11     | Noticed a two-headed ogre
 12091 | D:11     | Killed a two-headed ogre
 12091 | D:11     | Received a gift from Okawaru
 12091 | D:11     | Reached skill level 9 in Invocations
 12303 | D:11     | Reached XP level 12. HP: 36/91 MP: 19/19
 12609 | D:11     | Reached skill level 10 in Invocations
 13363 | D:12     | Gained mutation: Your mind is acute. (Int +2) [mutagenic meat]
 13364 | D:12     | Gained mutation: Your mind is very acute. (Int +4) [mutagenic meat]
 13365 | D:12     | Lost mutation: Your mind is very acute. (Int +4) [mutagenic meat]
 13366 | D:12     | Lost mutation: Your mind is acute. (Int +2) [mutagenic meat]
 13828 | D:12     | Received a gift from Okawaru
 14439 | D:13     | Noticed a seven-headed hydra
 14447 | D:13     | Killed a seven-headed hydra
 14501 | D:13     | Reached ****** piety under Okawaru
 14501 | D:13     | Received a gift from Okawaru
 14658 | D:13     | Noticed a tengu warrior
 14681 | D:13     | Killed a tengu warrior
 14703 | D:13     | Noticed a death knight
 14709 | D:13     | Noticed a skeletal warrior
 15200 | D:13     | Killed a skeletal warrior
 15334 | D:13     | Noticed a two-headed ogre
 15339 | D:13     | Killed a two-headed ogre
 15344 | D:13     | Received a gift from Okawaru
 15465 | D:13     | Noticed a two-headed ogre
 15473 | D:13     | Killed a two-headed ogre
 15502 | D:13     | Noticed an unseen horror
 15509 | D:13     | Killed an unseen horror
 15509 | D:13     | Reached XP level 13. HP: 99/99 MP: 20/20
 15591 | D:13     | Received a gift from Okawaru
 15822 | D:13     | Gained mutation: You do not regenerate when monsters are visible. [mutagenic meat]
 15937 | D:13     | Received a gift from Okawaru
 16090 | D:14     | Found a gate to the Vaults.
 16090 | D:14     | Noticed Urug
 16090 | D:14     | Noticed a six-headed hydra
 16090 | D:14     | Noticed a centaur warrior
 16093 | D:13     | Shot with a bolt by a yaktaur

Vault maps used:
D:1:      doesnt_arrival_eight_statues
D:2:      minmay_roachtagon
D:3:      uniq_robin
D:4:      gammafunk_wand_slinger
D:5:      kennysheep_little_box, first_bread, basic_altar
D:6:      nicolae_ru_great_annihilating_truth, xom_butterflies,
          minmay_temple_entry_enclosed_plants
D:7:      minitemple
D:8:      elyvilon_altar_5, uniq_grum
D:9:      kennysheep_mini_moat, serial_shops, nicolae_shop_behind_doors,
          uniq_pikel
D:10:     hiddenorc1_lemuel
D:11:     erik_lair_island, uniq_psyche, uniq_harold
D:12:     hangedman_little_slice_of_home
D:13:     evilmike_diamond_1
D:14:     david_vaults_3, spider_trap, grunt_gozag_breadcrumbs, uniq_agnes

Skill      XL: |  1  2  3  4  5  6  7  8  9 10 11 12 13 |
---------------+----------------------------------------+-----
Dodging        | 1 2 3 4 5 7 |  7.9
Shields        | 4 5 6 7 9 |  9.0
Armour         | 4 5 6 7 8 9 |  9.5
Fighting       | 4 5 6 7 8 9 |  9.5
Staves         | 3 5 6 |  6.0
Bows           | 7 8 9 |  9.8
Invocations    | 9 10 | 10.0

Action                   |  1- 3 |  4- 6 |  7- 9 | 10-12 | 13-15 || total
-------------------------+-------+-------+-------+-------+-------++-------
Melee: Quarterstaff      |   111 |   226 |   463 |   707 |       ||  1507
 Fire: Hunting sling     |       |       |     7 |       |       ||     7
       Blowgun           |       |       |    30 |       |       ||    30
       Shortbow          |       |       |       |   408 |    78 ||   486
       Longbow           |       |       |       |       |    66 ||    66
Invok: Heroism           |       |       |       |     2 |     2 ||     4
       Finesse           |       |       |       |       |     2 ||     2
 Abil: Dig               |       |       |       |     1 |       ||     1
Evoke: Wand              |       |     9 |     4 |    14 |       ||    27
       Box of beasts     |       |       |       |     1 |       ||     1
  Use: Scroll            |       |     4 |     3 |    16 |       ||    23
       Potion            |       |       |     3 |     2 |       ||     5
 Stab: Paralysed         |       |       |     1 |    22 |       ||    23
  Eat: Chunk             |       |     8 |    12 |    26 |     2 ||    48
       Meat ration       |       |       |       |     2 |       ||     2
       Royal jelly       |       |       |       |     1 |       ||     1
       Fruit             |       |       |       |     1 |       ||     1
Armor: Scale mail        |    65 |    82 |       |       |       ||   147
       Plate armour      |       |     7 |   218 |   303 |    31 ||   559
       Skin              |       |       |       |     5 |       ||     5
Dodge: Dodged            |    56 |   105 |   162 |   291 |    19 ||   633
Block: Shield            |    88 |   127 |   321 |   520 |    56 ||  1112

Table legend:
 A = Spawn XP
 B = Non-spawn XP
 C = Spawn XP percentage of total XP
 D = Spawn monster count
 E = Non-spawn monster count
 F = Spawn count percentage of total count
 G = Total turns spent on level
                    A         B        C        D         E        F      G
               +---------+---------+-------+---------+---------+-------+---------
         Total |       0 |   36229 |   0.0 |       0 |     377 |   0.0 | 16093
               +---------+---------+-------+---------+---------+-------+---------
           D:1 |       0 |      18 |   0.0 |       0 |      11 |   0.0 |   577
           D:2 |       0 |     107 |   0.0 |       0 |      50 |   0.0 |  1096
           D:3 |       0 |      61 |   0.0 |       0 |      18 |   0.0 |   636
           D:4 |       0 |     392 |   0.0 |       0 |      20 |   0.0 |   854
           D:5 |       0 |     460 |   0.0 |       0 |      11 |   0.0 |   972
           D:6 |       0 |     737 |   0.0 |       0 |      25 |   0.0 |  1348
           D:7 |       0 |     757 |   0.0 |       0 |      27 |   0.0 |  1636
           D:8 |       0 |    2622 |   0.0 |       0 |      33 |   0.0 |  1255
           D:9 |       0 |    2391 |   0.0 |       0 |      13 |   0.0 |   850
          D:10 |       0 |    3084 |   0.0 |       0 |      53 |   0.0 |  1977
          D:11 |       0 |    5267 |   0.0 |       0 |      24 |   0.0 |  1781
          D:12 |       0 |    5156 |   0.0 |       0 |      46 |   0.0 |  1713
          D:13 |       0 |   15177 |   0.0 |       0 |      46 |   0.0 |  1396
               +---------+---------+-------+---------+---------+-------+---------
